 Dungeon Crawl Stone Soup version 0.30.1-1-g62c8e00024 (webtiles) character file.

Game seed: 16668730306060709975

84 spardeous the Ducker (level 4, -9/18 HPs)
             Began as a Felid Earth Elementalist on July 16, 2023.
             Mangled by an ogre
             ... wielding a +0 giant club
              (27 damage)
             ... on level 4 of the Dungeon.
             The game lasted 00:02:31 (857 turns).

spardeous the Ducker (Felid Earth Elementalist)      Turns: 857, Time: 00:02:31

Health: -9/18      AC:  1    Str:  4    XL:     4   Next: 24%
Magic:  8/8        EV: 19    Int: 19    God:
Gold:   71         SH:  0    Dex: 16    Spells: 6/7 levels left
                                        Lives:  0   Deaths: 1

rFire   . . .        (weapon unavailable)
rCold   . . .        (shield unavailable)
rNeg    . . .        (body armour unavailable)
rPois   .            (helmet unavailable)
rElec   .            (cloak unavailable)
rCorr   .            (gloves unavailable)
SInv    +            (boots unavailable)
Will    .....        (no amulet)
Stlth   ++           (no ring)
HPRegen 0.23/turn    (no ring)
MPRegen 0.11/turn

%: no passive effects
@: quick
A: very small, claws 1, fangs 3, see invisible, speed 1, shaggy fur 1, stealthy
paws, no weapons or thrown items, no armour, multi-lived
a: no special abilities


You were on level 4 of the Dungeon.
You visited 2 branches of the dungeon, and saw 5 of its levels.

You collected 71 gold pieces.

Inventory:

Wands
 g - a wand of iceblast (12)
Scrolls
 b - a scroll of torment {unknown}
 c - a scroll of noise {unknown}
 f - a scroll of identify {unknown}
Potions
 a - a potion of magic
 d - a potion of heal wounds {unknown}
 e - 2 potions of curing {unknown}
 h - a potion of might {unknown}


   Skills:
 + Level 5.5 Dodging
 - Level 2.6 Stealth
 - Level 2.0 Spellcasting
 - Level 1.1 Transmutations
 + Level 4.3 Earth Magic


You had 6 spell levels left.
You knew the following spells:

 Your Spells              Type           Power      Damage    Failure   Level
a - Sandblast             Erth           36%        2d10      3%          1

Your spell library contained the following spells:

 Spells                   Type           Power      Damage    Failure   Level
 Passwall                 Tmut/Erth      10%        N/A       9%          2
 Stone Arrow              Conj/Erth      20%        3d8       22%         3
 Petrify                  Tmut/Erth      12%        N/A       50%         4


Dungeon Overview and Level Annotations

Branches:
Dungeon (4/15)             Temple (1/1) D:4

Altars:
Ashenzari
Cheibriados
Fedhas
Qazlal
Vehumet
Wu Jian
Zin

Annotations:
D:4 Grinder


Innate Abilities, Weirdness & Mutations

You have sharp claws.
You have razor-sharp teeth.
You have supernaturally acute eyesight. (SInv)
You cover ground quickly. (Speed+)
You are covered in fur. (AC +1)
Your paws help you pounce on unaware monsters.
You are incapable of wielding weapons or throwing items.
You cannot wear armour.
You gain extra lives every three experience levels.


Message History

An ogre comes into view. It is wielding a +0 giant club.
Casting: Sandblast (safe; 3% risk of failure)
Confirm with . or Enter, or press ? or * to list all spells.
Aiming: Sandblast (safe; 3% risk of failure)
Press: ? - help, Shift-Dir - straight line, f/p - sleepcap
Aim: a sleepcap (lightly damaged, 100% to hit)
The blast of sand hits the sleepcap!
The sleepcap is heavily damaged.
Things that are here:
a +0 whip; a gnoll corpse You see here a +0 halberd.
Casting: Sandblast (safe; 3% risk of failure)
Confirm with . or Enter, or press ? or * to list all spells.
Aiming: Sandblast (safe; 3% risk of failure)
Press: ? - help, Shift-Dir - straight line, f/p - sleepcap
Aim: a sleepcap (heavily damaged, 100% to hit)
The blast of sand hits the sleepcap but does no damage.
The sleepcap is heavily damaged.
Casting: Sandblast (safe; 3% risk of failure)
Confirm with . or Enter, or press ? or * to list all spells.
Aiming: Sandblast (safe; 3% risk of failure)
Press: ? - help, Shift-Dir - straight line, f/p - sleepcap
Aim: a sleepcap (heavily damaged, 100% to hit)
The blast of sand hits the sleepcap!
The sleepcap is severely damaged.
The sleepcap releases spores at you.
You are engulfed in a cloud of soporific spores!
You fall asleep.
The sleepcap releases spores at you!!
Ouch! That really hurt!
You die...
You are now level 4!
You rejoin the land of the living...
Found a club and a scroll labelled KONAWK OZUF.
Found a stone staircase leading up.
You see here a +0 flail.
The ogre barely misses you.
The ogre hits you with a +0 giant club!!
Ouch! That really hurt!
You die...

####...#
##.....## ##...#
#..#.## # #.†#..#
.# #.)#.##.# #
##.)#....#
#.#..f#.####
#...#O#.#########
##>...@.........?
#####)..........
#...........
#...........
#...........
#...........
#......(..<.
#...........
#...........


You could see an ogre and a sleepcap.

Vanquished Creatures
  2 jellies (D:4)
  Jessica (D:3)
  An iguana (D:4)
  3 gnolls (D:4)
  2 worms
  2 dart slugs
  2 ball pythons
  2 bats (D:1)
  An endoplasm (D:1)
  A giant cockroach (D:3)
  2 hobgoblins
  A quokka (D:4)
  2 frilled lizards (D:1)
  A kobold (D:2)
  A rat (D:3)
24 creatures vanquished.

Notes
Turn   | Place    | Note
-------+----------+-------------------------------------------
     0 | D:1      | spardeous the Felid Earth Elementalist began the quest for
                  | the Orb.
     0 | D:1      | Reached XP level 1. HP: 7/7 MP: 4/4
    68 | D:1      | Reached skill level 3 in Dodging
   107 | D:1      | Reached XP level 2. HP: 5/11 MP: 1/6
   295 | D:3      | Noticed Jessica
   300 | D:3      | Killed Jessica
   301 | D:3      | Reached skill level 4 in Dodging
   301 | D:3      | Reached XP level 3. HP: 14/14 MP: 4/7
   445 | D:4      | Reached XP level 4. HP: 18/18 MP: 5/8
   498 | D:4      | Noticed Grinder
   498 | D:4      | Noticed an ice beast
   538 | D:4      | Reached skill level 5 in Dodging
   594 | D:4      | Found a staircase to the Ecumenical Temple.
   684 | D:4      | Reached XP level 5. HP: 21/21 MP: 5/9
   687 | Temple   | Entered the Ecumenical Temple
   687 | Temple   | Found a transporter.
   687 | Temple   | Found a transporter.
   721 | Temple   | Found a transporter.
   721 | Temple   | Found a transporter.
   839 | D:4      | Noticed an ogre
   849 | D:4      | Slain by a sleepcap
   850 | D:4      | Reached XP level 4. HP: 0/18 MP: 3/8
   857 | D:4      | Mangled by an ogre

Illustrated notes

Levels and vault maps discovered:
D:1:      tarquinn_simple_flora_water_f, layout_basic
D:2:      layout_rooms
D:3:      cheibrodos_fertilizer, layout_loops_ring,
          nicolae_ecumenical_snake_handling, serial_bayou,
          serial_bayou_crossing, serial_bayou_pond_a, serial_bayou_pond_e,
          serial_bayou_pond_e, hangedman_abyss_or_decor_lesser_grid,
          grunt_ministairs_1, uniq_ijyb, uniq_jessica
D:4:      layout_basic, minmay_temple_entry_ruins,
          chequers_serial_rivers_micro_a, kennysheep_generic_room_5,
          uniq_sigmund, uniq_grinder
Temple:   hellmonk_temple_divided_pantheon

Skill      XL: |  1  2  3  4 |
---------------+-------------+-----
Dodging        | 3 4 5 |  5.5
Earth Magic    | 3 4 |  4.3
Stealth        | |  2.6
Spellcasting   | |  2.0
Transmutations | |  1.1

Action                     |  1- 3 |  4- 6 || total
---------------------------+-------+-------++-------
   Cast: Sandblast         |    28 |    31 ||    59
  Dodge: Dodged            |     1 |    12 ||    13
